 Dungeon Crawl Stone Soup version 0.24.0-13-gcf9b319 (webtiles) character file.

Game seed: 10791491112375696343, levelgen mode: deterministic

3980 Fang the Fighter (level 10, -10/65 HPs)
             Began as a Gargoyle Berserker on Nov 11, 2019.
             Was a Priest of Trog.
             Killed from afar by a fire dragon (15 damage)
             ... with a blast of flame
             ... on level 10 of the Dungeon.
             The game lasted 00:09:40 (9168 turns).

Fang the Fighter (Gargoyle Berserker)               Turns: 9168, Time: 00:09:40

Health: -10/65     AC: 26    Str: 24    XL:     10   Next: 22%
Magic:  10/10      EV: 10    Int:  8    God:    Trog [***...]
Gold:   552        SH:  0    Dex: 13    Spells: 9/9 levels left

rFire    . . .     SeeInvis .   k - +2 executioner's axe (chop)
rCold    + . .     Gourm    .   (shield currently unavailable)
rNeg     + . .     Faith    .   b - +1 plate armour
rPois    ∞         Spirit   .   w - +0 helmet of Ajiasuogh {-Cast +Fly rCorr}
rElec    +         Reflect  .   (no cloak)
rCorr    +         Harm     .   K - +2 pair of gloves
MR       .....     NoCast   +   (no boots)
Stlth    ..........             (no amulet)
HPRegen  0.20/turn              j - ring of protection from cold
MPRegen  0.12/turn              F - +4 ring of dexterity

@: berserk cooldown, slowed, very slow
A: negative energy resistance 1, electricity resistance, unbreathing,
petrification resistance, rot immunity, AC +7
a: Berserk, Trog's Hand, Renounce Religion, Evoke Flight


You were on level 10 of the Dungeon.
You worshipped Trog.
Trog was most pleased with you.
You were very hungry.

You visited 2 branches of the dungeon, and saw 11 of its levels.
You also visited: Ossuary.

You collected 552 gold pieces.

Inventory:

Hand Weapons
 a - a +2 war axe
 k - a +2 executioner's axe of chopping (weapon)
Armour
 b - a +1 plate armour (worn)
 w - the +0 helmet of Ajiasuogh (worn) {-Cast +Fly rCorr}
   (You found it on level 4 of the Dungeon)

   It lets you fly.
   It prevents spellcasting.
   It provides partial protection from all sources of acid and corrosion.
 K - a +2 pair of gloves (worn)
Jewellery
 j - a ring of protection from cold (left hand)
 F - a +4 ring of dexterity (right hand)
Wands
 i - a wand of digging (5)
 m - a wand of paralysis (7)
 r - a wand of iceblast (22)
Scrolls
 h - 3 scrolls of teleportation
 n - 2 scrolls of identify
 o - 7 scrolls of remove curse
Potions
 d - a potion of resistance
 e - 4 potions of cancellation {unknown}
 f - 3 potions of magic
 g - 6 potions of heal wounds
 p - 5 potions of haste
 s - a potion of berserk rage
 u - 8 potions of curing
 A - a potion of ambrosia
 B - a potion of mutation
 G - a potion of flight {unknown}
 H - a potion of agility {unknown}
 I - a potion of brilliance {unknown}
Comestibles
 c - 10 rations
 l - 12 chunks of flesh


   Skills:
 + Level 8.6 Fighting
 + Level 7.2 Axes
 + Level 8.2 Armour
 + Level 6.2 Dodging


You had 9 spell levels left.
You didn't know any spells.
Your spell library was empty.

Dungeon Overview and Level Annotations

Branches:
Dungeon (10/15)            Temple (1/1) D:7            Lair (0/6) D:10
Ossuary (visited)
    Orc: D:9-12

Altars:
Ashenzari
Cheibriados
Elyvilon
Nemelex Xobeh
Okawaru
Qazlal
Ru
Sif Muna
Trog
Uskayaw
Vehumet
Yredelemnul
The Shining One

Shops:
D:7 *

Annotations:
D:8 2 transporters, Strat's ghost, novice GnCj


Innate Abilities, Weirdness & Mutations

You are resistant to torment.
Your stone body is resilient. (AC +7)
You are immune to poison.
You resist negative energy. (rN+)
You are resistant to electric shocks. (rElec)
You can survive without breathing.
You are immune to petrification.
You are immune to rotting.


Message History

The fire dragon barely misses you. The orc hits you but does no damage.
You barely miss the fire dragon.
The fire dragon is heavily wounded.
You hit the orc. The fire dragon bites you!
* * * LOW HITPOINT WARNING * * *
The fire dragon barely misses you. The fire dragon tramples you.
* * * LOW HITPOINT WARNING * * *
You hold your ground!
The orc misses you.
Some of the chunks of flesh in your inventory have rotted away.
You slash the fire dragon!
The fire dragon is severely wounded.
You slice the orc!!
You kill the orc!
Trog accepts your kill.
You are no longer berserk.
You are exhausted.
You feel yourself slow down. The fire dragon breathes flames at you.
The blast of flame hits you!
You die...

##....#......?..##
#..#.).##.#.....# ..
####...#..#......
... ##......#.....#
...
#......##..%#.##.# .
#..)...# #..#....#..
#......###..#.......
#......##).))o......
#.........#@D.......
###.......#....≈≈≈§§
####....#...≈≈≈≈≈≈
##........≈..≈§
##......≈≈.>.≈
.....#.≈≈§§.≈
....##..§§§≈.
.........§§≈≈≈
......


You could see a fire dragon and an orc warrior.

Vanquished Creatures
  Prince Ribbit (D:5)
  Grinder (D:3)
  2 hippogriffs (D:9)
  2 wyverns
  A steam dragon (D:7)
  A hungry ghost (D:9)
  An orc warrior (D:9)
  An ice beast (D:8)
  A necrophage (D:8)
  A black bear (D:9)
  2 sky beasts
  2 centaurs
  2 ogres
  2 bullfrogs (D:8)
  A scorpion (D:6)
  A water moccasin skeleton (D:4)
  9 wights
  2 howler monkeys (D:5)
  2 crimson imps
  3 centaur zombies
  3 orc priests
  A hound (D:5)
  A jelly (D:9)
  3 orc wizards
  2 bullfrog skeletons
  Ijyb (D:3)
  Natasha (thrice) (D:2)
  2 iguanas
  8 worker ants
  A hound skeleton (D:9)
  5 mummies (Ossuary)
  A howler monkey zombie (D:9)
  6 gnolls
  10 adders
  A shadow imp (D:7)
  2 oozes (D:2)
  An adder skeleton (D:5)
  4 worms
  5 dart slugs
  4 leopard geckos
  13 orcs
  A ball python (D:3)
  7 giant cockroaches
  8 goblins
  6 hobgoblins
  2 jackals (D:1)
  6 quokkas
  6 bats
  8 frilled lizards
  2 gnoll zombies (Ossuary)
  4 kobolds
  3 kobold zombies (Ossuary)
  A leopard gecko skeleton (D:5)
  An orc zombie (Ossuary)
  A quokka skeleton (D:5)
  5 rats
176 creatures vanquished.

Vanquished Creatures (others)
  4 toadstools (D:1)
4 creatures vanquished.

Grand Total: 180 creatures vanquished

Notes
Turn   | Place    | Note
-------+----------+-------------------------------------------
     0 | D:1      | Fang the Gargoyle Berserker began the quest for the Orb.
     0 | D:1      | Reached XP level 1. HP: 14/14 MP: 1/1
   189 | D:1      | Reached XP level 2. HP: 6/19 MP: 2/2
  1254 | D:2      | Reached XP level 3. HP: 13/23 MP: 3/3
  1419 | D:2      | Noticed Natasha
  1426 | D:2      | Killed Natasha
  1496 | D:2      | Reached XP level 4. HP: 16/29 MP: 4/4
  1654 | D:2      | Reached ** piety under Trog
  1781 | D:2      | Noticed Natasha
  1793 | D:2      | Killed Natasha
  1793 | D:2      | Reached XP level 5. HP: 23/33 MP: 5/5
  2142 | D:2      | Noticed Natasha
  2152 | D:2      | Killed Natasha
  2172 | D:2      | Found a shimmering blue altar of Sif Muna.
  2897 | D:3      | Noticed Ijyb
  2918 | D:3      | Killed Ijyb
  2918 | D:3      | Reached XP level 6. HP: 38/39 MP: 6/6
  3100 | D:3      | Noticed Grinder
  3104 | D:3      | Paralysed by Grinder for 7 turns
  3120 | D:3      | Killed Grinder
  3120 | D:3      | Reached skill level 5 in Fighting
  3261 | D:3      | Reached XP level 7. HP: 42/44 MP: 7/7
  3682 | D:4      | Found a radiant altar of Vehumet.
  3683 | D:4      | Found a hide-covered altar of Uskayaw.
  3892 | D:4      | Found a snail-covered altar of Cheibriados.
  4205 | D:4      | Got a transparent helmet
  4211 | D:4      | Identified the +0 helmet of Ajiasuogh {-Cast +Fly rCorr}
                  | (You found it on level 4 of the Dungeon)
  4238 | D:5      | Entered Level 5 of the Dungeon
  4250 | D:5      | Reached *** piety under Trog
  4281 | D:5      | Found a sand-covered staircase.
  4487 | Ossuary  | Entered an ossuary
  4701 | Ossuary  | Reached skill level 5 in Armour
  5109 | D:5      | Reached XP level 8. HP: 46/51 MP: 8/8
  5147 | D:5      | Reached skill level 5 in Axes
  5255 | D:5      | Noticed Prince Ribbit
  5339 | D:5      | Killed Prince Ribbit
  5921 | D:5      | Found a glowing golden altar of the Shining One.
  6170 | D:5      | Found a shattered altar of Ashenzari.
  6402 | D:6      | Found a sacrificial altar of Ru.
  6671 | D:6      | Reached XP level 9. HP: 48/56 MP: 9/9
  6673 | D:6      | Reached **** piety under Trog
  6735 | D:7      | Reached skill level 5 in Dodging
  6842 | D:7      | Found an iron altar of Okawaru.
  7100 | D:7      | Found a staircase to the Ecumenical Temple.
  7124 | Temple   | Entered the Ecumenical Temple
  7142 | D:7      | Found a stormy altar of Qazlal.
  7210 | D:7      | Found Ruetuh's General Store.
  7352 | D:7      | Found a sparkling altar of Nemelex Xobeh.
  7395 | D:7      | Found a white marble altar of Elyvilon.
  7678 | D:8      | Found a transporter.
  7678 | D:8      | Noticed a moth of wrath
  7768 | D:8      | Identified a scroll of acquirement
  7838 | D:8      | Identified the +7 trident of Reinforcement {pierce, +Inv
                  | Int+4}
  7838 | D:8      | Noticed a tengu warrior
  7838 | D:8      | Identified the +3 trident "Nilaa" {elec, rN+ Stlth+}
  7839 | D:8      | Found a bloodstained altar of Trog.
  7839 | D:8      | Noticed a troll
  7839 | D:8      | Noticed Strat's ghost (novice GnCj)
  7853 | D:8      | Found a transporter.
  8827 | D:9      | Reached XP level 10. HP: 58/64 MP: 10/10
  8932 | D:9      | Found a basalt altar of Yredelemnul.
  9115 | D:10     | Entered Level 10 of the Dungeon
  9146 | D:10     | Found a staircase to the Lair.
  9147 | D:10     | Noticed a fire dragon
  9168 | D:10     | Killed from afar by a fire dragon

Levels and vault maps discovered:
D:1:      ldierk_water_garden, layout_basic
D:2:      minmay_chambers_of_twos, layout_basic, lemuel_coloured_pillars_altar,
          uniq_natasha
D:3:      layout_rooms, uniq_grinder, uniq_ijyb
D:4:      layout_loops_cross, cheibriados_altar_1, minitemple,
          kennysheep_decorative_pillar
D:5:      layout_rooms, ashenzari_altar_1, nicolae_tso_swordbearing_angel,
          chequers_ossuary_entry_cave, serial_bayou, serial_bayou_ford_a,
          serial_bayou_shore_b, serial_bayou_shore_b, serial_bayou_crossing,
          first_ration, minmay_quadrilaterals, uniq_prince_ribbit1
D:6:      layout_basic, nicolae_ru_awakened_eye
D:7:      layout_loops_ring, nicolae_overflow_hidden_temple,
          nicolae_qazlal_style_of_elements, lemuel_crystal_altar,
          old_standard_altar, old_standard_altar, temple_fountains,
          serial_shops, shop
D:8:      layout_loops_ring, gammafunk_ghost_wrathful_warriors
D:9:      layout_basic, kennysheep_mini_moat
D:10:     layout_cave_pools, minmay_lair_entry_lava, david_orc_4
Temple:   jpeg_temple_island

Skill      XL: |  1  2  3  4  5  6  7  8  9 10 |
---------------+-------------------------------+-----
Axes           | 3 4 5 6 7 |  7.2
Dodging        | 2 3 4 6 |  6.2
Armour         | 3 4 5 6 7 8 |  8.2
Fighting       | 4 5 6 8 |  8.6

Action                   |  1- 3 |  4- 6 |  7- 9 | 10-12 || total
-------------------------+-------+-------+-------+-------++-------
Melee: Hand axe          |    69 |   196 |   234 |       ||   499
       War axe           |       |       |   233 |    38 ||   271
       Executioner's axe |       |       |       |    15 ||    15
Invok: Berserk           |     1 |     3 |     8 |     1 ||    13
       Trog's Hand       |       |       |     3 |       ||     3
  Use: Scroll            |       |       |    21 |     1 ||    22
 Stab: Sleeping          |       |       |     1 |       ||     1
  Eat: Chunk             |     3 |     8 |    23 |       ||    34
       Ration            |       |       |     3 |       ||     3
Armor: Animal skin       |    19 |    76 |    82 |       ||   177
       Plate armour      |       |       |   175 |    66 ||   241
Dodge: Dodged            |    39 |   112 |   287 |    49 ||   487
